 Dungeon Crawl Stone Soup version 0.27-a0-1177-g245c70e1c0 (webtiles) character file.

Game seed: 5137772863063919223

2331 Glokmah the Bolt Thrower (level 9, 0/69 HPs)
             Began as a Formicid Arcane Marksman on May 16, 2021.
             Was a Believer of Okawaru.
             Slain by a killer bee (6 damage)
             ... on level 7 of the Dungeon.
             The game lasted 00:30:53 (12027 turns).

Glokmah the Bolt Thrower (FoAM)                    Turns: 12027, Time: 00:30:54

Health: 0/69       AC:  7    Str: 14    XL:     9   Next: 70%
Magic:  17/25      EV: 11    Int: 14    God:    Okawaru [**....]
Gold:   506        SH:  5    Dex: 14    Spells: 12/18 levels left

rFire    . . .     SeeInvis +   b - +3 falchion
rCold    + . .     Faith    .   p - +0 buckler
rNeg     + . .     Spirit   .   f - +1 leather armour {rN+}
rPois    +         Reflect  .   (helmet unavailable)
rElec    .         Harm     .   (no cloak)
rCorr    .         Rampage  .   q - +0 pair of gloves
Will     ++...                  r - +1 pair of boots
Stlth    +.........             B - amulet of the acrobat
HPRegen  0.21/turn              j - ring of Ublanlom {rPois rC+ Will+ MP+9}
MPRegen  0.19/turn              A - ring of willpower

@: mighty
A: permanent stasis, dig shafts and tunnels, antennae 3, four strong arms
a: Dig, Shaft Self, Renounce Religion, Heroism


You were on level 7 of the Dungeon.
You worshipped Okawaru.
Okawaru was pleased with you.
You visited 2 branches of the dungeon, and saw 9 of its levels.
You also visited: Sewer.

You collected 1221 gold pieces.
You spent 715 gold pieces at shops.

Inventory:

Hand Weapons
 a - a +1 hand crossbow
 b - a +3 falchion (weapon)
Missiles
 d - 8 bolts
 n - 194 stones
 u - 4 javelins
 w - 2 poisoned darts (quivered)
Armour
 f - a +1 leather armour of positive energy (worn)
 p - a +0 buckler (worn)
 q - a +0 pair of gloves (worn)
 r - a +1 pair of boots (worn)
Jewellery
 h - a ring of ice
 j - the ring of Ublanlom (left hand) {rPois rC+ Will+ MP+9}
   (You found it on level 4 of the Dungeon)

   [ring of magical power]

   It protects you from cold.
   It protects you from poison.
   It affects your magic capacity (+9).
   It increases your willpower.
 y - a ring of positive energy
 z - an amulet of regeneration
 A - a ring of willpower (right hand)
 B - an amulet of the acrobat (around neck)
Wands
 D - a wand of acid (12)
Scrolls
 m - a scroll of enchant weapon
 o - a scroll of vulnerability
 C - a scroll of identify
Potions
 c - 3 potions of might
 e - a potion of invisibility {unknown}
 g - a potion of lignification
 i - 2 potions of haste
 k - 4 potions of flight
 l - 2 potions of mutation {unknown}
 s - a potion of attraction {unknown}
 t - a potion of resistance {unknown}
 v - a potion of degeneration {unknown}
 x - 2 potions of curing
 E - a potion of magic {unknown}


   Skills:
 + Level 5.9 Fighting
 * Level 7.7 Crossbows
 - Level 1.7 Dodging
 - Level 4.0 Shields
 - Level 5.0 Spellcasting
 - Level 7.0 Hexes
 - Level 2.0 Fire Magic


You had 12 spell levels left.
You knew the following spells:

 Your Spells              Type           Power      Damage    Failure   Level
a - Corona                Hex            25%        N/A       1%          1
b - Slow                  Hex            23%        N/A       1%          2
c - Inner Flame           Hex/Fire       16%        N/A       11%         3

Your spell library contained the following spells:

 Spells                   Type           Power      Damage    Failure   Level
 Cause Fear               Hex            11%        N/A       12%         4
 Foxfire                  Conj/Fire      24%        2x1d5     14%         1
 Portal Projectile        Hex/Tloc       26%        N/A       16%         3
 Animate Skeleton         Necr           6%         N/A       22%         1
 Apportation              Tloc           6%         N/A       22%         1
 Freeze                   Ice            12%        1d4       22%         1
 Summon Small Mammal      Summ           12%        N/A       22%         1
 Conjure Flame            Conj/Fire      6%         6-21      41%         3
 Leda's Liquefaction      Hex/Erth       6%         N/A       45%         4
 Frozen Ramparts          Ice            6%         1d2       54%         3
 Ozocubu's Armour         Ice            3%         N/A       54%         3
 Sticky Flame             Conj/Fire      6%         2d3       82%         4
 Metabolic Englaciation   Hex/Ice        6%         N/A       82%         5
 Hailstorm                Conj/Ice       3%         3d3       91%         4
 Fireball                 Conj/Fire      3%         3d4       99%         5


Dungeon Overview and Level Annotations

Branches:
Dungeon (8/15)             Temple (1/1) D:4           Sewer (visited)
   Lair: D:8-11

Altars:
Ashenzari
Cheibriados
Dithmenos
Elyvilon
Fedhas
Gozag
Hepliaklqana
Kikubaaqudgha
Makhleb
Nemelex Xobeh
Okawaru
Ru
Sif Muna
Trog
Uskayaw
Vehumet
Wu Jian
Xom
Yredelemnul
Zin
The Shining One

Shops:
D:7 =

Annotations:
D:7 3 runed translucent doors, Gargoyl's ghost, novice GnAK; celly00's ghost, novice DESu; glosham's ghost, weakling DjDe; nht's ghost, novice DsFi; philipeq's ghost, novice DrCj


Innate Abilities, Weirdness & Mutations

You cannot be hasted, slowed, berserked, paralysed or teleported.
You can dig through walls and to a lower floor.
You have a pair of large antennae on your head. (SInv)
Your four strong arms can wield two-handed weapons with a shield.


Message History

The killer bee barely misses you.
You riposte.
You miss the killer bee.
You feel very mighty all of a sudden.
You feel sick. You block the killer bee's attack.
The killer bee barely misses you.
You riposte.
You miss the killer bee.
The killer bee is moderately wounded.
The killer bee completely misses you.
The killer bee stings you but does no damage.
The killer bee closely misses you. You block the killer bee's attack.
You miss the killer bee.
The killer bee is moderately wounded.
You feel sick.
You are no longer poisoned.
You block the killer bee's attack. The killer bee stings you.
* * * LOW HITPOINT WARNING * * *
The killer bee stings you.
* * * LOW HITPOINT WARNING * * *
The killer bee stings you but does no damage.
The killer bee closely misses you.
You riposte.
You closely miss the killer bee.
The killer bee is moderately wounded.
The killer bee stings you but does no damage. x2
The killer bee misses you. x2; The killer bee stings you.
* * * LOW HITPOINT WARNING * * *
Okay, then.
It was a potion of curing.
You feel better. The killer bee stings you.
* * * LOW HITPOINT WARNING * * *
The killer bee stings you.
* * * LOW HITPOINT WARNING * * *
The killer bee stings you but does no damage.
The killer bee barely misses you. You block the killer bee's attack.
You feel better.
The killer bee stings you but does no damage.
The killer bee stings you.
* * * LOW HITPOINT WARNING * * *
The killer bee closely misses you. The killer bee stings you.
* * * LOW HITPOINT WARNING * * *
The killer bee stings you.
* * * LOW HITPOINT WARNING * * *
The killer bee stings you.
You die...

...#......#...........#
...'......#...........#
...#......#...........#
...##########..####...#
##.....#.####..####...#
.#.....#..............#
.#.....#..............#
.#.....#........yy....#
.'.....'........@y....#
##.....######...###...#
#.....##...##...###...#
'.....#...............#
#.....#...............#
#.....#...............#
#.....#..............>#
#.....#...............#
#.....#...............#


You could see 3 killer bees.

Vanquished Creatures
  A black bear (D:5)
  An ice beast (D:6)
  4 ogres
  A necrophage (D:5)
  A centaur (D:8)
  A phantom (D:2)
  3 bullfrogs
  A gnoll sergeant (D:7)
  3 scorpions
  7 killer bees (D:8)
  A centaur zombie (D:5)
  A howler monkey (D:7)
  A hound (D:3)
  A gnoll shaman (D:5)
  An orc priest (D:5)
  3 jellies
  3 centaur skeletons
  An iguana (D:5)
  2 orc wizards
  A hound skeleton (D:4)
  2 howler monkey zombies
  8 gnolls
  A howler monkey skeleton (D:6)
  12 adders
  3 river rats (D:5)
  An adder skeleton (D:4)
  5 worms
  5 dart slugs
  14 orcs
  15 endoplasms
  2 giant cockroaches (D:2)
  12 goblins
  2 hobgoblins
  12 jackals
  11 kobolds
  3 quokkas
  15 ball pythons
  10 bats
  5 frilled lizards
  10 rats
186 creatures vanquished.

Notes
Turn   | Place    | Note
-------+----------+-------------------------------------------
     0 | D:1      | Glokmah the Formicid Arcane Marksman began the quest for
                  | the Orb.
     0 | D:1      | Reached XP level 1. HP: 15/15 MP: 2/2
   196 | D:1      | Reached XP level 2. HP: 21/21 MP: 1/3
   835 | D:1      | Reached XP level 3. HP: 26/26 MP: 5/5
  1197 | D:1      | Learned a level 2 spell: Slow
  1940 | D:2      | Reached XP level 4. HP: 31/33 MP: 6/6
  2541 | D:2      | Found a faded altar of an unknown god.
  2899 | D:3      | Found a glowing silver altar of Zin.
  3096 | D:3      | Noticed an ogre
  3178 | D:3      | Killed an ogre
  3179 | D:3      | Reached skill level 5 in Hexes
  3179 | D:3      | Reached XP level 5. HP: 11/39 MP: 3/8
  3480 | D:3      | Found a burning altar of Makhleb.
  3500 | D:3      | Found a glowing golden altar of the Shining One.
  3502 | D:3      | Found a radiant altar of Vehumet.
  3885 | D:3      | Reached skill level 1 in Shields
  3885 | D:3      | Reached XP level 6. HP: 4/46 MP: 8/10
  3885 | D:3      | HP: 3/69 [poisoned by a scorpion]
  4643 | D:3      | HP: 1/46 [phantom (6)]
  4900 | D:4      | Learned a level 3 spell: Inner Flame
  4963 | D:4      | Reached XP level 7. HP: 49/52 MP: 11/11
  5005 | D:4      | Found a staircase to the Ecumenical Temple.
  5015 | Temple   | Entered the Ecumenical Temple
  5020 | Temple   | Became a worshipper of Warmaster Okawaru
  5963 | D:4      | Identified the ring of Ublanlom {rPois rC+ Will+ MP+9}
  6045 | D:5      | Entered Level 5 of the Dungeon
  6561 | D:5      | Found a glowing drain.
  6568 | Sewer    | Entered a sewer
  7585 | D:5      | Reached XP level 8. HP: 23/59 MP: 13/13
  7841 | D:5      | Reached skill level 5 in Crossbows
  8247 | D:5      | Reached * piety under Okawaru
  8248 | D:5      | Reached skill level 1 in Fire Magic
  9664 | D:6      | Identified the +1 scale mail of Card Tricks {rN+ Will+}
  9710 | D:6      | Found a large runed translucent door.
  9710 | D:6      | Found a large runed translucent door.
  9729 | D:6      | Found a shimmering blue altar of Sif Muna.
  9736 | D:6      | Reached XP level 9. HP: 61/66 MP: 15/15
  9745 | D:6      | Found a shadowy altar of Dithmenos.
 10244 | D:7      | Found a runed translucent gate.
 10244 | D:7      | Found a runed translucent gate.
 10244 | D:7      | Found a runed translucent gate.
 10330 | D:7      | Reached skill level 5 in Fighting
 10453 | D:7      | Identified a scroll of acquirement
 10454 | D:7      | Acquired 838 gold pieces
 10767 | D:7      | Reached ** piety under Okawaru
 10971 | D:7      | Noticed nht's ghost (novice DsFi)
 10971 | D:7      | Noticed philipeq's ghost (novice DrCj)
 10972 | D:7      | Noticed Gargoyl's ghost (novice GnAK)
 10973 | D:7      | Noticed glosham's ghost (weakling DjDe)
 10973 | D:7      | Noticed celly00's ghost (novice DESu)
 11016 | D:7      | Found Onihuqole's Jewellery Boutique.
 11025 | D:7      | Bought an amulet of regeneration for 390 gold pieces
 11025 | D:7      | Bought a ring of willpower for 325 gold pieces
 11640 | D:8      | Reached skill level 5 in Spellcasting
 12027 | D:7      | Slain by a killer bee

Illustrated notes

Levels and vault maps discovered:
D:1:      dpeg_chamrin_arrival_tetris, layout_basic
D:2:      layout_rooms, serial_curves, eino_curves_02, eino_curves_04,
          eino_curves_02, eino_curves_02, shapermc_ecumenical_altar_gd,
          minmay_ruptured
D:3:      layout_loops_ring, zin_academy, bloody_makhleb,
          chequers_temple_overflow_statue_of_worship, kennysheep_generic_room_7
D:4:      layout_basic, minmay_temple_entry_waves
D:5:      minmay_general_purpose_star, layout_rooms, lightli_sewer_entry_pipes,
          chequers_serial_rivers_micro_d, kennysheep_another_room,
          minmay_misc_feat_diagonals, grunt_decor_cap, minivault_23
D:6:      layout_loops_corners, jmf_multi_god_temple2
D:7:      layout_gridville, gammafunk_ghost_cemetery, serial_shops,
          nicolae_shop_statue_plus
D:8:      layout_cave_pods, nicolae_qazlal_scattered_showers
Temple:   minmay_freezing_vapour_temple

Skill      XL: |  1  2  3  4  5  6  7  8  9 |
---------------+----------------------------+-----
Hexes          | 4 5 6 7 |  7.0
Fighting       | 2 3 4 5 |  5.9
Crossbows      | 3 4 6 7 |  7.7
Spellcasting   | 2 3 4 5 |  5.0
Shields        | 1 2 3 4 |  4.0
Fire Magic     | 2 |  2.0
Dodging        | |  1.7

Action                   |  1- 3 |  4- 6 |  7- 9 || total
-------------------------+-------+-------+-------++-------
Melee: Dagger            |    97 |       |       ||    97
       Short sword       |     3 |   181 |   197 ||   381
       Falchion          |       |       |   100 ||   100
 Fire: Hand crossbow     |    57 |    36 |   100 ||   193
Throw: Dart              |       |       |    30 ||    30
 Cast: Corona            |     3 |     2 |     9 ||    14
       Slow              |       |    10 |    26 ||    36
       Inner Flame       |       |       |    38 ||    38
 Abil: Dig               |       |       |     4 ||     4
  Use: Potion            |       |     2 |     4 ||     6
       Scroll            |       |       |    15 ||    15
 Stab: Sleeping          |       |     2 |     1 ||     3
Armor: Leather armour    |    74 |    51 |   197 ||   322
       Skin              |       |     2 |       ||     2
Dodge: Dodged            |   104 |   119 |   365 ||   588
Block: Buckler           |       |       |    46 ||    46
       Rpst.: Falchion   |       |       |    37 ||    37

Table legend: (Time is in decaauts)
 A = Elapsed time spent in this place.
 B = Non-inter-level travel time spent in this place.
 C = Inter-level travel time spent in this place.
 D = Time resting spent in this place.
 E = Time spent auto-exploring this place.
 F = Levels seen in this place.
 G = Mean time per level.
                   A        B        C        D        E       F      G
               +--------+--------+--------+--------+--------+-----+--------+
         Total |  12362 |  11964 |    398 |   3894 |   4375 |  10 | 1236.2 |
       Dungeon |  11156 |  10758 |    398 |   3584 |   4170 |   8 | 1394.5 |
        Temple |     10 |     10 |      0 |      0 |      0 |   1 |   10.0 |
         Sewer |   1195 |   1195 |      0 |    310 |    205 |   1 | 1195.0 |
               +--------+--------+--------+--------+--------+-----+--------+

Top non-repeatable levels by time:
     D:3: 2096 daAuts
     D:5: 1656 daAuts
     D:2: 1558 daAuts
     D:7: 1481 daAuts
     D:1: 1437 daAuts
     D:6: 1365 daAuts
     D:4: 1263 daAuts
   Sewer: 1195 daAuts
     D:8: 298 daAuts
  Temple: 10 daAuts
